 Dungeon Sprint DCSS version 0.22-a0-619-ga0c6fd2 (webtiles) character file.

2790 collin38 the Thaumaturge (level 9, -10/55 HPs)
             Began as a Deep Elf Fire Elementalist on July 15, 2018.
             Was the Champion of Vehumet.
             Killed from afar by an efreet (23 damage)
             ... with a bolt of fire
             ... in the Dungeon (Sprint V: "Ziggurat Sprint").
             The game lasted 00:07:39 (673 turns).

collin38 the Thaumaturge (DEFE)                      Turns: 673, Time: 00:07:40

Health: -10/55     AC:  5    Str:  5    XL:     9   Next: 43%
Magic:  24/29      EV: 13    Int: 29    God:    Vehumet [******]
Gold:   0          SH:  8    Dex: 15    Spells: 19/37 levels left

rFire    . . .     SeeInvis .   H - +5 quick blade
rCold    + . .     Gourm    .   G - +3 buckler
rNeg     . . .     Faith    .   L - +2 robe {rC+}
rPois    .         Spirit   .   (no helmet)
rElec    .         Reflect  .   K - +0 cloak
rCorr    .         Harm     .   (no gloves)
MR       .....     NoTele   +   (no boots)
Stlth    ++........             (no amulet)
HPRegen  0.18/turn              (no ring)
MPRegen  0.21/turn              (no ring)

@: brilliant, very slightly contaminated
A: no striking features
a: Renounce Religion


You were in the Dungeon.
You worshipped Vehumet.
Vehumet was exalted by your worship.
You were hungry.

You visited 1 branch

Inventory:

Hand Weapons
 H - a +5 quick blade (weapon)
Armour
 a - a +0 robe
 G - a +3 buckler (worn)
 K - a +0 cloak (worn)
 L - a +2 robe of cold resistance (worn)
Magical Staves
 x - an uncursed staff of energy
Jewellery
 z - a +6 ring of dexterity
 A - a +6 ring of dexterity
 B - a +6 ring of intelligence
 C - a +6 ring of intelligence
 D - a +6 ring of strength
 E - a +6 ring of strength
Wands
 u - a wand of disintegration (7)
 v - a wand of iceblast (7)
 w - a wand of acid (7)
Scrolls
 i - 3 scrolls of blinking
 o - 4 scrolls of amnesia
 p - 7 scrolls of fog
 q - a scroll of holy word
 r - 5 scrolls of identify
 s - 5 scrolls of remove curse
 t - 2 scrolls of fear
Potions
 b - a potion of brilliance
 d - 10 potions of curing
 e - 6 potions of heal wounds
 f - 4 potions of haste
 g - 7 potions of magic
 h - 3 potions of berserk rage
 k - 4 potions of resistance
 m - 4 potions of agility
 n - 3 potions of might
 J - a potion of flight {unknown}
Miscellaneous
 j - a box of beasts
 l - a sack of spiders
 y - a crystal ball of energy
 F - a lightning rod (4/4)
 M - a phial of floods
 N - a lightning rod (4/4)
Comestibles
 c - 9 rations
 I - 4 chunks of flesh


   Skills:
 - Level 6.1 Fighting
 - Level 2.4 Dodging
 - Level 2.4 Stealth
 - Level 4.6 Shields
 - Level 14.5 Spellcasting
 - Level 12.3 Conjurations
 - Level 12.6 Fire Magic
 + Level 2.2 Air Magic


You had 19 spell levels left.
You knew the following spells:

 Your Spells              Type           Power        Failure   Level  Hunger
a - Flame Tongue          Conj/Fire      #####        0%          1    None
b - Fireball              Conj/Fire      #######...   1%          5    None
c - Swiftness             Chrm/Air       #####...     1%          2    None
d - Sticky Flame          Conj/Fire      #######.     1%          4    None
e - Conjure Ball Lightni  Conj/Air       ######....   2%          6    ####...

Your spell library contained the following spells:

 Spells                   Type           Power        Failure   Level  Hunger
 Conjure Flame            Conj/Fire      #######.     1%          3    None
 Lightning Bolt           Conj/Air       ######....   1%          5    None
 Throw Flame              Conj/Fire      ######       0%          2    None
 Summon Small Mammal      Summ           ####         1%          1    None
 Animate Dead             Necr           N/A          3%          4    None
 Pain                     Necr           ####         1%          1    None
 Animate Skeleton         Necr           N/A          1%          1    None
 Vampiric Draining        Necr           #####.....   1%          3    None
 Summon Ice Beast         Ice/Summ       #####...     3%          4    None
 Call Imp                 Summ           #####...     1%          2    None
 Regeneration             Chrm/Necr      #####.....   1%          3    None
 Shock                    Conj/Air       ####         1%          1    None
 Deflect Missiles         Chrm/Air       #####.....   22%         6    ####...
 Airstrike                Air            ######....   1%          4    None
 Call Canine Familiar     Summ           #####...     1%          3    None
 Summon Butterflies       Summ           #####...     1%          1    None
 Silence                  Hex/Air        #####.....   4%          5    None
 Dispersal                Tloc           #####.....   34%         6    ####...
 Static Discharge         Conj/Air       ######..     1%          3    None
 Tornado                  Air            ######....   100%        9    #######
 Summon Hydra             Summ           #####.....   83%         7    #####..
 Inner Flame              Hex/Fire       ######..     1%          3    None
 Disjunction              Tloc           #####.....   100%        8    #######
 Summon Lightning Spire   Summ/Air       #####...     1%          4    None
 Summon Guardian Golem    Hex/Summ       #####...     1%          3    None
 Summon Mana Viper        Hex/Summ       #####...     8%          5    None


Dungeon Overview and Level Annotations

Branches:
Dungeon (1/1)

Altars:
Ashenzari
Cheibriados
Dithmenos
Elyvilon
Fedhas
Gozag
Hepliaklqana
Kikubaaqudgha
Makhleb
Nemelex Xobeh
Okawaru
Qazlal
Ru
Sif Muna
Trog
Uskayaw
Vehumet
Wu Jian
Xom
Yredelemnul
Zin
The Shining One
Beogh
Jiyva
Lugonu


Message History

The blast of lightning engulfs the hell hound.
You kill the hell hound!
Vehumet accepts your kill.
Vehumet offers you knowledge of Mephitic Cloud.
You feel your power returning.
Your Air Magic skill gained 2 levels and is now at level 2!
The blast of lightning engulfs the fire elemental.
The fire elemental resists.
The fire elemental is moderately damaged.
The blast of lightning engulfs you!
Blink to where?
Press: ? - help, Dir - move target cursor You are very lightly contaminated with residual magic.
As you read the scroll of blinking, it crumbles to dust.
The hell hog breathes fire at you.
The fireball explodes!
The fireball engulfs you!
* * * LOW HITPOINT WARNING * * *
The efreet gestures at you. The bolt of fire hits you!
You die...

▓..}))...▓........▓
▓...)....▓..[.....▓
▓........▓..†)....▓
▓........▓........▓
▓.▓....▓.▓.▓....▓.▓
▓...©....▓...©....▓
▓▓▓▓▓▓▓▓▓▓▓▓▓▓▓▓▓▓▓
▓...8©8...▓..8©8..▓
▓..§)§§@..▓..})...▓
▓...§§)...▓...).).▓
▓..§.§§E..▓..)....▓
▓..§ER§...▓....[..▓
▓..§..h...▓.......▓
▓....h.h..▓.......▓
▓.▓.....▓.▓.▓.).▓.▓
▓....©§...▓...©...▓
▓▓▓▓▓▓▓▓▓▓▓▓▓▓▓▓▓▓▓


You could see 3 hell hogs, an efreet and 2 fire elementals.

Vanquished Creatures
  2 spriggans (D)
  A hornet (D)
  Sigmund (D)
  A tarantella (D)
  A golden eye (D)
  A naga (D)
  Duvessa (D)
  2 hell hounds (D)
  3 black bears (D)
  3 necrophages (D)
  A wolf (D)
  Blork the orc (D)
  3 scorpions (D)
  Dowan (D)
  A wight (D)
  Crazy Yiuf (D)
  Jessica (D)
  A white imp (D)
  An ooze (D)
  An adder zombie (D)
  A bat zombie (D)
  2 ball pythons (D)
  A ball python zombie (D)
32 creatures vanquished.

Vanquished Creatures (others)
  2 ball lightnings (D)
2 creatures vanquished.

Grand Total: 34 creatures vanquished

Notes
Turn   | Place    | Note
-------+----------+-------------------------------------------
     0 | D        | Found the +6 Majin-Bo {vamp, Archmagi MP+6 Int+6}
     0 | D        | Found the +7 great mace "Firestarter" {inner flame, rF++}
     0 | D        | collin38 the Deep Elf Fire Elementalist began the quest for the Orb.
     0 | D        | Reached XP level 1. HP: 10/10 MP: 6/6
     0 | D        | Found a deep blue altar of Sif Muna.
     0 | D        | Found a sacrificial altar of Ru.
     0 | D        | Found a bloodstained altar of Trog.
     0 | D        | Found a stormy altar of Qazlal.
     0 | D        | Found an iron altar of Okawaru.
     0 | D        | Found a sparkling altar of Nemelex Xobeh.
     0 | D        | Found a blossoming altar of Fedhas.
     2 | D        | Found a transporter.
     2 | D        | Found an ancient bone altar of Kikubaaqudgha.
     2 | D        | Found a viscous altar of Jiyva.
     2 | D        | Found a corrupted altar of Lugonu.
     2 | D        | Found a hazy altar of Hepliaklqana.
     2 | D        | Found a burning altar of Makhleb.
     2 | D        | Found an opulent altar of Gozag.
    20 | D        | Found the +9 heavy crossbow "Sniper" {velocity, Acc+∞ SInv}
    20 | D        | Found the +10 dark maul {crush}
    20 | D        | Found the +15 Maxwell's patent armour {-Cast -Tele rElec MR+ rCorr}
    20 | D        | Found the +18 shield of the Gong {rElec rN+ MR+ EV-5}
    20 | D        | Found the cursed +14 obsidian axe {chop, +Fly SInv *Curse}
    54 | D        | Became a worshipper of Vehumet
    59 | D        | Reached XP level 2. HP: 22/22 MP: 8/8
    70 | D        | Entered arena 2.
    70 | D        | Noticed a golden eye
    70 | D        | Found a transporter.
    74 | D        | Killed a golden eye
    74 | D        | Reached skill level 7 in Spellcasting
    74 | D        | Reached skill level 5 in Conjurations
    74 | D        | Reached XP level 3. HP: 27/27 MP: 8/13
    74 | D        | Reached XP level 4. HP: 32/32 MP: 9/15
    74 | D        | Reached XP level 5. HP: 36/36 MP: 9/16
    88 | D        | Entered arena 3.
    88 | D        | Noticed a naga
    88 | D        | Found a transporter.
    91 | D        | Reached * piety under Vehumet
    91 | D        | Offered knowledge of Magic Dart by Vehumet.
   103 | D        | Killed a naga
   103 | D        | Reached skill level 8 in Spellcasting
   103 | D        | Reached XP level 6. HP: 20/41 MP: 11/19
   271 | D        | Learned a level 5 spell: Fireball
   271 | D        | Entered arena 4.
   271 | D        | Noticed a hell hound
   271 | D        | Found a transporter.
   290 | D        | Killed a hell hound
   290 | D        | Reached ** piety under Vehumet
   290 | D        | Offered knowledge of Throw Frost by Vehumet.
   306 | D        | Entered arena 5.
   306 | D        | Noticed a tarantella
   306 | D        | Found a transporter.
   311 | D        | Reached *** piety under Vehumet
   311 | D        | Reached skill level 9 in Spellcasting
   319 | D        | Killed a tarantella
   319 | D        | Reached skill level 10 in Spellcasting
   319 | D        | Reached XP level 7. HP: 43/46 MP: 20/22
   321 | D        | Reached **** piety under Vehumet
   328 | D        | Entered arena 6.
   328 | D        | Found a transporter.
   338 | D        | Reached skill level 11 in Spellcasting
   351 | D        | Reached ***** piety under Vehumet
   351 | D        | Reached skill level 10 in Fire Magic
   365 | D        | Entered arena 7.
   365 | D        | Noticed Sigmund
   365 | D        | Noticed Jessica
   365 | D        | Noticed Blork the orc
   365 | D        | Noticed Crazy Yiuf
   365 | D        | Noticed Dowan
   365 | D        | Noticed Duvessa
   366 | D        | Killed Jessica
   366 | D        | Reached XP level 8. HP: 51/51 MP: 20/25
   366 | D        | Killed Dowan
   366 | D        | Killed Blork the orc
   367 | D        | Killed Crazy Yiuf
   369 | D        | Killed Duvessa
   369 | D        | Reached skill level 12 in Spellcasting
   369 | D        | Reached skill level 10 in Conjurations
   370 | D        | Found a transporter.
   388 | D        | Killed Sigmund
   400 | D        | Got the Tome of the Compass and Weightlessness
   501 | D        | Entered arena 8.
   501 | D        | Noticed a spriggan rider
   504 | D        | Offered knowledge of Ignite Poison by Vehumet.
   505 | D        | Reached skill level 13 in Spellcasting
   506 | D        | Killed a spriggan rider
   506 | D        | Reached ****** piety under Vehumet
   506 | D        | Killed a hornet
   506 | D        | Reached skill level 14 in Spellcasting
   506 | D        | Reached XP level 9. HP: 31/55 MP: 15/29
   637 | D        | Found a transporter.
   657 | D        | Learned a level 2 spell: Swiftness
   662 | D        | Learned a level 4 spell: Sticky Flame
   669 | D        | Learned a level 6 spell: Conjure Ball Lightning
   669 | D        | Entered arena 9.
   669 | D        | Noticed an efreet
   669 | D        | Noticed a hell hog
   669 | D        | Noticed a hell hog
   669 | D        | Noticed a hell hog
   670 | D        | Found the +3 warlock's mirror {reflect}
   672 | D        | Offered knowledge of Mephitic Cloud by Vehumet.
   673 | D        | Found a transporter.
   673 | D        | Killed from afar by an efreet

Vault maps used:
D:        sprint_v

Skill      XL: |  1  2  3  4  5  6  7  8  9 |
---------------+----------------------------+-----
Fighting       | 6 |  6.1
Spellcasting   | 7 8 10 11 14 | 14.5
Conjurations   | 5 6 8 9 12 | 12.3
Fire Magic     | 6 7 9 10 12 | 12.6
Shields        | 4 |  4.6
Air Magic      | 2 |  2.2
Dodging        | |  2.4
Stealth        | |  2.4

Action                   |  1- 3 |  4- 6 |  7- 9 || total
-------------------------+-------+-------+-------++-------
Melee: Quick blade       |     3 |    49 |    35 ||    87
 Cast: Fireball          |       |       |    11 ||    11
       Conjure Ball Ligh |       |       |     1 ||     1
  Use: Potion            |     3 |     8 |     2 ||    13
       Scroll            |       |       |     1 ||     1
 Stab: Invisible         |       |     4 |     3 ||     7
       Sleeping          |       |     1 |     2 ||     3
Armor: Robe              |       |       |     1 ||     1
Dodge: Dodged            |       |    24 |     7 ||    31
Block: Buckler           |       |    15 |     6 ||    21

Table legend:
 A = Spawn XP
 B = Non-spawn XP
 C = Spawn XP percentage of total XP
 D = Spawn monster count
 E = Non-spawn monster count
 F = Spawn count percentage of total count
 G = Total turns spent on level
                    A         B        C        D         E        F      G
               +---------+---------+-------+---------+---------+-------+---------
         Total |       0 |    3975 |   0.0 |       0 |      32 |   0.0 |   673
               +---------+---------+-------+---------+---------+-------+---------
             D |       0 |    3975 |   0.0 |       0 |      32 |   0.0 |   673
               +---------+---------+-------+---------+---------+-------+---------
